 Dungeon Crawl Stone Soup version 0.30.0 (webtiles) character file.

Game seed: 14845815305661271998

11 Dani the Trooper (level 2, 24/24 HPs)
             Began as a Demonspawn Fighter on May 20, 2023.
             Quit the game on level 1 of the Dungeon.
             The game lasted 00:00:47 (266 turns).

Dani the Trooper (Demonspawn Fighter)                Turns: 266, Time: 00:00:48

Health: 24/24      AC:  9    Str: 16    XL:     2   Next: 13%
Magic:  2/2        EV:  8    Int:  9    God:
Gold:   8          SH:  4    Dex: 12    Spells: 1/1 levels left

rFire   . . .        a - +0 war axe
rCold   . . .        c - +0 buckler
rNeg    . . .        b - +0 scale mail
rPois   .            (no helmet)
rElec   .            (no cloak)
rCorr   .            e - +0 pair of gloves
SInv    .            (no boots)
Will    .....        (no amulet) Stlth
                     (no ring)
HPRegen 0.24/turn    (no ring)
MPRegen 0.08/turn

%: no passive effects
@: no status effects
A: molten scales 1
a: no special abilities


You were on level 1 of the Dungeon.
You visited 1 branch of the dungeon, and saw 1 of its levels.

You collected 8 gold pieces.

Inventory:

Hand Weapons
 a - a +0 war axe (weapon)
Armour
 b - a +0 scale mail (worn)
 c - a +0 buckler (worn)
 e - a +0 pair of gloves (worn)
   (You found it on level 1 of the Dungeon)
Scrolls
 g - a scroll of fog
Potions
 d - a potion of might


   Skills:
 - Level 3.0 Fighting
 + Level 2.6 Axes
 - Level 2.6 Armour
 - Level 2.6 Shields


You had one spell level left.
You didn't know any spells.
Your spell library was empty.

Dungeon Overview and Level Annotations

Branches:
Dungeon (1/15)

Altars:


Innate Abilities, Weirdness & Mutations

You are partially covered in molten scales. (AC +2)


Message History

You hit the hobgoblin.
You kill the hobgoblin!
Key pressed, stopping explore.
No target in view!
No target in view!
Key pressed, stopping explore.
No target in view!
Key pressed, stopping explore.
No target in view!
Key pressed, stopping explore.
No target in view!
You see here a bat corpse.
You open the door.
There is an open door here.
Key pressed, stopping explore.
A frilled lizard comes into view.
The frilled lizard hisses angrily.
A frilled lizard is nearby!
A frilled lizard is nearby!
A frilled lizard is nearby!
As you read the scroll labelled SUDGHETWUSTRA, it crumbles to dust.
It is a scroll of identify.
g - a scroll of fog You hit the frilled lizard but do no damage.
The frilled lizard bites you but does no damage.
You block the frilled lizard's attack.
A frilled lizard is nearby!
You closely miss the frilled lizard. The frilled lizard barely misses you.
A frilled lizard is nearby!
You slash the frilled lizard!
You kill the frilled lizard!
You see here a frilled lizard corpse.
Key pressed, stopping explore.
No target in view!
Key pressed, stopping explore.
No target in view!
Key pressed, stopping explore.
No target in view!
You now have 8 gold pieces.
Key pressed, stopping explore.
No target in view!
Found a spear.
No target in view!
Found a stone staircase leading down.
No target in view!
Found a stone staircase leading down.
No target in view!
Key pressed, stopping explore.
No target in view!
Key pressed, stopping explore.
No target in view!
Key pressed, stopping explore.
No target in view!
Key pressed, stopping explore.
No target in view!
Key pressed, stopping explore.
No target in view!
A kobold comes into view. It is wielding a +0 short sword.
A kobold is nearby!
A kobold is nearby!
A kobold is nearby!
A dart slug comes into view.
There are monsters nearby!
There are monsters nearby!
The kobold closely misses you.
There are monsters nearby!
You closely miss the kobold. The kobold hits you but does no damage.
There are monsters nearby!
You hit the kobold but do no damage. The kobold hits you but does no damage.
The kobold hits you with a +0 short sword.
There are monsters nearby!
You hit the dart slug but do no damage. You closely miss the kobold.
You block the kobold's attack. The dart slug closely misses you.
You slash the dart slug!
The dart slug is severely wounded.
You closely miss the kobold. You block the kobold's attack.
The dart slug launches a dart at you. The slug dart hits you.
There are monsters nearby!
You slash the dart slug!
You kill the dart slug!
You barely miss the kobold.
The kobold hits you but does no damage. x2
You have reached level 2!
Your demonic ancestry asserts itself...
Molten scales grow over part of your body.
A kobold is nearby!
You hit the kobold but do no damage. The kobold hits you but does no damage.
A kobold is nearby!
You hit the kobold.
You kill the kobold!
Unknown command.
Unknown command.
No target in view!
HP restored.
You see here a +0 short sword.
Key pressed, stopping explore.
No target in view!
Unknown command.
Autopickup is now off.
Are you sure you want to abandon this character and quit the game? (Confirm with "yes".)

...# .# ### #..# #.#
.... ... #.# ##..### #.#
#.# ....#.##.# ####.##
####..#@..#####.....#
..........†.....##..#
#######...).........####
.........#..........#...
......#..#.#######..#.##
......#..#.#......).....
..... #..#.#.....>......
..!.. +..#..........#...
.... ##.##########.####


There were no monsters in sight!

Vanquished Creatures
  A dart slug (D:1)
  A goblin (D:1)
  2 hobgoblins (D:1)
  A kobold (D:1)
  A quokka (D:1)
  A bat (D:1)
  A frilled lizard (D:1)
8 creatures vanquished.

Notes
Turn   | Place    | Note
-------+----------+-------------------------------------------
     0 | D:1      | Dani the Demonspawn Fighter began the quest for the Orb.
     0 | D:1      | Reached XP level 1. HP: 18/18 MP: 1/1
   107 | D:1      | Reached skill level 2 in Axes
   245 | D:1      | Gained mutation: You are partially covered in molten
                  | scales. (AC +2) [demonic ancestry]
   245 | D:1      | Reached XP level 2. HP: 20/24 MP: 2/2
   266 | D:1      | Quit the game

Illustrated notes

Levels and vault maps discovered:
D:1:      minmay_arrival_checkered_box, layout_basic, serial_rivers,
          chequers_serial_rivers_marsh, chequers_serial_rivers_micro_e,
          chequers_serial_rivers_micro_a, chequers_serial_rivers_micro_a,
          chequers_serial_rivers_large_b, minmay_tripent

Skill      XL: |  1 |
---------------+----+-----
Axes           | 2 |  2.6
Fighting       | |  3.0
Armour         | |  2.6
Shields        | |  2.6

Action                     || total
---------------------------++-------
  Melee: War axe           ||    33
    Use: Scroll            ||     1
 Armour: Scale mail        ||    20
  Dodge: Dodged            ||    21
  Block: Buckler           ||     9

Levels and vault maps discovered:
D:1:      minmay_arrival_checkered_box, layout_basic, serial_rivers,
          chequers_serial_rivers_marsh, chequers_serial_rivers_micro_e,
          chequers_serial_rivers_micro_a, chequers_serial_rivers_micro_a,
          chequers_serial_rivers_large_b, minmay_tripent

Table legend: (Time is in decaauts)
 A = Elapsed time spent in this place.
 B = Non-inter-level travel time spent in this place.
 C = Inter-level travel time spent in this place.
 D = Time resting spent in this place.
 E = Time spent auto-exploring this place.
 F = Levels seen in this place.
 G = Mean time per level.
                   A        B        C        D        E       F      G
               +--------+--------+--------+--------+--------+-----+--------+
         Total |    279 |    279 |      0 |      0 |    165 |   1 |  279.0 |
       Dungeon |    279 |    279 |      0 |      0 |    165 |   1 |  279.0 |
               +--------+--------+--------+--------+--------+-----+--------+

Top non-repeatable levels by time:
     D:1: 279 daAuts

Table legend:
 A = Kills in this place as a percentage of kills in the entire game.
 B = Kills by you in this place as a percentage of kills by you in the entire game.
 C = Kills by friends in this place as a percentage of kills by friends in the entire game.
 D = Other kills in this place as a percentage of other kills in the entire game.
 E = Experience gained in this place as a percentage of experience gained in the entire game.
 F = Experience gained in this place divided by the number of levels of this place that you have seen.
                   A       B       C       D       E      F
               +-------+-------+-------+-------+-------+----------------------
         Total | 100.0 | 100.0 |   N/A |   N/A | 100.0 |  16.0
       Dungeon | 100.0 | 100.0 |   N/A |   N/A | 100.0 |  16.0
               +-------+-------+-------+-------+-------+----------------------
